 Dungeon Crawl Stone Soup version 0.25-a0-860-gf695395b5c (webtiles) character file.

Game seed: 3886598483973559506, levelgen mode: classic

92085 EnegeticOcto the Severer (level 15, 80/151 HPs)
             Began as a Deep Dwarf Fighter on Apr 28, 2020.
             Was a High Priest of Makhleb.
             Quit the game on level 4 of the Spider Nest.
             The game lasted 00:13:49 (15004 turns).

EnegeticOcto the Severer (Deep Dwarf Fighter)      Turns: 15004, Time: 00:13:49

Health: 80/151     AC: 22    Str: 24 (26) XL:     15   Next: 56%
Magic:  9/9        EV:  8    Int:  8 (9)  God:    Makhleb [*****.]
Gold:   1611       SH:  0    Dex: 11 (12) Spells: 14/14 levels left

rFire    . . .     SeeInvis .   a - +0 broad axe (protect)
rCold    . . .     Gourm    .   c - +0 kite shield
rNeg     + . .     Faith    .   z - +0 plate armour
rPois    +         Spirit   .   m - +1 helmet
rElec    .         Reflect  .   F - +1 cloak {+Inv}
rCorr    .         Harm     .   H - +0 pair of gloves
MR       ++...                  (no boots)
Stlth    ..........             (no amulet)
HPRegen  0.00/turn              h - +4 ring of slaying
MPRegen  0.11/turn              g - ring of poison resistance

@: confused, mildly poisoned (80 -> 80), non-regenerating
A: damage resistance, heal wounds, talons 1, mutation resistance 1, negative
energy resistance 1, sense surroundings 2, no regeneration
a: Heal Wounds, Minor Destruction, Lesser Servant of Makhleb, Major Destruction,
Greater Servant of Makhleb, Renounce Religion, Evoke Invisibility


You were on level 4 of the Spider Nest.
You worshipped Makhleb.
Makhleb was extremely pleased with you.
You were not hungry.

You visited 4 branches of the dungeon, and saw 26 of its levels.

You collected 1947 gold pieces.
You spent 336 gold pieces at shops.

Inventory:

Hand Weapons
 a - a +0 broad axe of protection (weapon)
 b - a +3 scimitar of flaming
Missiles
 y - a throwing net (quivered)
Armour
 c - a +0 kite shield (worn)
 m - a +1 helmet (worn)
 z - a +0 plate armour (worn)
 D - a +4 scale mail of magic resistance
 F - a +1 cloak of invisibility (worn)
 H - a +0 pair of gloves (worn)
Jewellery
 g - a ring of poison resistance (right hand)
 h - a +4 ring of slaying (left hand)
 i - an uncursed ring of resist corrosion
 l - a +4 ring of protection
Wands
 u - a wand of polymorph (20)
 G - a wand of iceblast (14)
 I - a wand of flame (68) {@v3}
 K - a wand of scattershot (6)
Scrolls
 d - a scroll of enchant armour
 f - 9 scrolls of identify {@r1}
 r - 5 scrolls of immolation {@r4}
 s - 14 scrolls of remove curse {@r6}
 t - 2 scrolls of silence
 w - 8 scrolls of teleportation {@r2}
 x - 5 scrolls of magic mapping {@r5}
 E - 4 scrolls of fog
 L - a scroll of enchant weapon
 M - a scroll of summoning
Potions
 j - 4 potions of stabbing {@q5}
 k - 3 potions of might {@q3}
 n - a potion of haste {@q4}
 o - 2 potions of magic
 p - 4 potions of lignification {@q7}
 q - 6 potions of heal wounds {@q2}
 v - 3 potions of cancellation
 A - a potion of ambrosia
 B - 2 potions of flight
 C - 5 potions of curing {@q1}
Comestibles
 e - 38 rations


   Skills:
 * Level 14.0 Fighting
 * Level 16.1 Axes
 + Level 12.2 Armour
 + Level 2.4 Dodging
 + Level 12.2 Shields
 + Level 12.6 Invocations


You had 14 spell levels left.
You didn't know any spells.
Your spell library was empty.

Dungeon Overview and Level Annotations

Branches:
Dungeon (15/15)            Temple (1/1) D:6            Lair (6/6) D:10
  Swamp (0/4) Lair:4       Spider (4/4) Lair:4        Slime (0/5) Lair:6
    Orc (0/2) D:12         Vaults (0/5) D:13         Depths (0/5) D:15

Altars:
Ashenzari
Cheibriados
Dithmenos
Elyvilon
Fedhas
Gozag
Hepliaklqana
Kikubaaqudgha
Makhleb
Nemelex Xobeh
Okawaru
Qazlal
Ru
Sif Muna
Trog
Uskayaw
Vehumet
Wu Jian
Xom
Yredelemnul
The Shining One

Shops:
D:8 =   D:10 (!(*   D:14 *

Portals:
Abyss: Lair:1

Annotations:
D:5 3 runed translucent doors, DOPEyDwarf's ghost, novice FoFi
D:14 1 runed translucent door, Arphuebamu's ghost, journeyman TrTm
Lair:1 2 transporters, Xiguana's ghost, novice OgVM
Lair:6 exclusion: 2 oklob plants


Innate Abilities, Weirdness & Mutations

You are resistant to damage.
You can heal yourself by infusing magical energy.
You resist negative energy. (rN+)
You passively map the area around you.
You do not regenerate.
You have sharp toenails.
You are somewhat resistant to further mutation.


Message History

The moth of wrath is almost dead.
You hear an angry hiss. x2
The moth of wrath bites you.
You slice the moth of wrath!!
You kill the moth of wrath!
Makhleb accepts your kill.
You feel better.
Your plate armour prevents you from hitting the tarantella.
Your kick misses the tarantella.
The tarantella bites you but does no damage.
The tarantella bites you.
You are confused.
You are too confused!
You are too confused!
You are too confused!
You are too confused!
You are too confused!
You are too confused!
You are too confused!
You are too confused!
You are too confused!
You are too confused!
You are too confused!
There are monsters nearby!
There are monsters nearby!
There are monsters nearby!
There are monsters nearby!
There are monsters nearby!
You are too confused!
You are too confused!
You are too confused!
You are too confused!
You are too confused!
You are too confused!
You are too confused!
You are too confused!
The tarantella bites you but does no damage.
You see here a moth of wrath corpse.
The jumping spider hisses angrily.
The tarantella bites you but does no damage.
The tarantella closely misses you.
The jumping spider leaps!
The tarantella bites you but does no damage.
You see here a moth of wrath corpse.
You're too confused!
You are too confused!
You are too confused!
You are too confused!
You are too confused!
You are too confused!
You are too confused!
You are too confused!
You are too confused!
You are too confused!
You are too confused!
You are too confused!
The jumping spider leaps!
The tarantella bites you. The tarantella bites you!
The jumping spider leaps!
The tarantella bites you but does no damage.
You completely miss the tarantella. Your kick misses the tarantella.
The jumping spider leaps!
The tarantella bites you but does no damage.
You barely miss the tarantella. Your kick misses the tarantella.
The tarantella bites you.
You are more confused.
The jumping spider leaps!
You enter the shallow water.
Moving in this stuff is going to be slow.
The tarantella barely misses you. The tarantella bites you.
You are too confused!
You are too confused!
You are too confused!
You are too confused!
You are too confused!
You are too confused!
You are too confused!
You are too confused!
You are too confused!
You are too confused!
You are too confused!
You are too confused!
You are too confused!
You are too confused!
You are too confused!
The orb spider begins to weave its threads into a brightly glowing ball.
The tarantella barely misses you. The tarantella bites you.
You feel less confused. The tarantella bites you!
The jumping spider leaps!
The tarantella bites you. The tarantella bites you! x2
You are confused.
Found 13 gold pieces.
You bump into the stone wall.
The tarantella bites you.
The jumping spider leaps!
The tarantella barely misses you.
The tarantella bites you but does no damage.
The jumping spider leaps!
The tarantella completely misses you.
The jumping spider leaps!
The tarantella bites you but does no damage.
The tarantella bites you but does no damage.
You bump into the stone wall.
The tarantella barely misses you. The tarantella bites you!
Are you sure you want to abandon this character and quit the game? (Confirm with "yes".)

** ^ ,, ^
.^......^.^.#
........$..^## *
........^^.^^#
.............###
........!......# ^
^...........^.^##
.^.......≈..^^...#
**,.........@#^.^.^.#
* .^..#...s.#.....^.
* ..??#.....≈.^.....
,...^.^....s#......
,....#^†...# ..○..,
,, .≈≈##....≈#, ....
, ..##^^...^# ... ,
.≈#...^†.≈## .. , ,
#........# ,. ^


You could see an orb spider and a tarantella.

Vanquished Creatures
  An emperor scorpion (Spider:4)
  An entropy weaver (Spider:4)
  A fire dragon (D:15)
  A rakshasa (D:13)
  2 ogre magi
  Harold (D:8)
  An ice dragon (D:15)
  6 hydras
  Erica (D:8)
  2 centaur warriors (D:15)
  8 two-headed ogres
  5 death yaks (Lair:4)
  4 tengu warriors
  5 skeletal warriors (D:13)
  4 unseen horrors
  2 lindwurms
  Pikel (D:5)
  A deep elf mage (D:15)
  5 orb spiders
  11 wolf spiders
  11 ugly things
  2 moths of wrath
  Joseph (D:7)
  3 black mambas
  5 elephants (Lair:3)
  A guardian serpent (D:15)
  Maurice (D:8)
  7 spiny frogs
  3 rime drakes
  4 komodo dragons
  5 demonic crawlers
  2 tengu conjurers
  A troll (D:10)
  17 jumping spiders
  7 blink frogs (Lair:4)
  A wolf spider simulacrum (D:15)
  Prince Ribbit (D:8)
  7 hornets
  Grinder (D:3)
  9 hippogriffs
  12 tarantellas
  2 wyverns (Lair:4)
  2 shadows
  A vampire (D:12)
  48 redbacks
  39 yaks
  A wraith (D:11)
  4 basilisks
  3 hungry ghosts
  12 vampire mosquitoes
  Edmund (D:4)
  2 soldier ants (D:12)
  12 water moccasins
  Duvessa (D:4)
  3 porcupines
  5 orc warriors
  3 sky beasts
  3 slaves (D:5)
  A black bear (D:9)
  6 ice beasts
  2 phantoms
  An eye of draining (D:15)
  A necrophage (D:9)
  16 centaurs
  5 ogres
  3 big kobolds
  14 crocodiles
  Blork the orc (D:6)
  10 bullfrogs
  Dowan (D:4)
  A wyvern skeleton (D:3)
  5 scorpions
  3 killer bees (D:7)
  7 wights
  14 howler monkeys
  8 crimson imps
  A quasit (D:11)
  2 centaur zombies
  A bullfrog zombie (D:6)
  4 hounds
  4 jellies
  12 orc priests
  6 centaur skeletons
  9 orc wizards
  3 bullfrog skeletons
  Ijyb (D:4)
  2 iguanas
  10 worker ants
  A worker ant zombie (D:5)
  Robin (D:4)
  10 adders
  4 shadow imps
  An adder zombie (D:6)
  A dart slug (D:3)
  6 leopard geckos
  74 orcs
  9 bats
  6 giant cockroaches
  10 goblins
  4 hobgoblins
  10 jackals
  2 quokkas
  4 ball pythons
  3 frilled lizards
  A jackal skeleton (D:5)
  18 kobolds
  A leopard gecko zombie (D:7)
  4 rats
  2 fungi (Lair:6)
632 creatures vanquished.

Vanquished Creatures (collateral kills)
  A ghost moth (Spider:4)
  A spark wasp (Spider:4)
  3 orb spiders (Spider:4)
  3 wolf spiders (Spider:4)
  4 jumping spiders (Spider:4)
  3 tarantellas (Spider:4)
  7 redbacks (Spider:4)
22 creatures vanquished.

Vanquished Creatures (others)
  A ghost moth (Spider:4)
  A redback (Spider:2)
  A shadow imp (D:5)
  5 fungi
  13 plants
21 creatures vanquished.

Grand Total: 675 creatures vanquished

Notes
Turn   | Place    | Note
-------+----------+-------------------------------------------
     0 | D:1      | EnegeticOcto the Deep Dwarf Fighter began the quest for the
                  | Orb.
     0 | D:1      | Reached XP level 1. HP: 20/20 MP: 1/1
    91 | D:1      | Reached XP level 2. HP: 24/27 MP: 2/2
   401 | D:3      | Reached skill level 3 in Axes
   401 | D:3      | Reached XP level 3. HP: 23/34 MP: 2/2
   401 | D:3      | Reached XP level 4. HP: 28/42 MP: 3/3
   449 | D:3      | Noticed Grinder
   469 | D:3      | Paralysed by Grinder for 2 turns
   484 | D:3      | Paralysed by Grinder for 7 turns
   494 | D:3      | Killed Grinder
   494 | D:3      | Reached skill level 4 in Axes
   494 | D:3      | Reached XP level 5. HP: 44/50 MP: 3/3
   494 | D:3      | Reached XP level 6. HP: 50/57 MP: 4/4
   804 | D:4      | Noticed Duvessa
   804 | D:4      | Noticed Dowan
   820 | D:4      | Killed Duvessa
   826 | D:4      | Killed Dowan
   826 | D:4      | Reached skill level 5 in Axes
   842 | D:4      | Noticed Ijyb
   853 | D:4      | Killed Ijyb
   853 | D:4      | Reached XP level 7. HP: 39/66 MP: 5/5
   865 | D:4      | Noticed Edmund
   883 | D:4      | Killed Edmund
   883 | D:4      | Reached skill level 5 in Fighting
   883 | D:4      | Reached skill level 5 in Shields
  1006 | D:4      | Noticed Robin
  1013 | D:4      | Killed Robin
  1013 | D:4      | Reached skill level 5 in Armour
  1328 | D:4      | Reached skill level 6 in Axes
  1454 | D:5      | Entered Level 5 of the Dungeon
  1486 | D:5      | Found a runed translucent gate.
  1486 | D:5      | Found a runed translucent gate.
  1486 | D:5      | Found a runed translucent gate.
  1487 | D:5      | Found an opulent altar of Gozag.
  1488 | D:5      | Noticed DOPEyDwarf's ghost (novice FoFi)
  1491 | D:5      | Reached XP level 8. HP: 54/75 MP: 6/6
  1533 | D:5      | Noticed Pikel
  1557 | D:5      | Gained mutation: You are occasionally teleported next to
                  | monsters. [potion of mutation]
  1557 | D:5      | Gained mutation: Your spells are a little easier to cast,
                  | but a little less powerful. [potion of mutation]
  1557 | D:5      | Gained mutation: You are partially covered in icy blue
                  | scales. (AC +2) [potion of mutation]
  1570 | D:5      | Killed Pikel
  1570 | D:5      | Reached skill level 7 in Axes
  2193 | D:6      | Gained mutation: You passively map the area around you.
                  | [Deep Dwarf growth]
  2193 | D:6      | Reached XP level 9. HP: 68/85 MP: 7/7
  2199 | D:6      | Found a staircase to the Ecumenical Temple.
  2205 | Temple   | Entered the Ecumenical Temple
  2271 | Temple   | Became a worshipper of Makhleb the Destroyer
  2375 | D:6      | Noticed Blork the orc
  2384 | D:6      | Killed Blork the orc
  2384 | D:6      | Reached skill level 1 in Invocations
  2713 | D:7      | Reached skill level 8 in Axes
  2746 | D:7      | Reached * piety under Makhleb
  2823 | D:7      | Noticed Joseph
  3122 | D:7      | Reached skill level 9 in Axes
  3145 | D:7      | Reached ** piety under Makhleb
  3549 | D:7      | Killed Joseph
  3549 | D:7      | Reached XP level 10. HP: 91/96 MP: 9/11
  3662 | D:8      | Noticed Prince Ribbit
  3670 | D:8      | Killed Prince Ribbit
  3676 | D:8      | Noticed Harold
  3699 | D:8      | Killed Harold
  3726 | D:8      | Noticed a two-headed ogre
  3734 | D:8      | Killed a two-headed ogre
  3734 | D:8      | Reached skill level 5 in Invocations
  3783 | D:8      | Noticed Maurice
  3796 | D:8      | Found Kahaimyf's Jewellery Emporium.
  3933 | D:8      | Reached skill level 10 in Axes
  3942 | D:8      | Noticed Erica
  3959 | D:8      | Killed Erica
  3970 | D:8      | Found an iron altar of Okawaru.
  4264 | D:9      | Found an ornate altar of the Wu Jian Council.
  4266 | D:9      | Found a blossoming altar of Fedhas.
  4507 | D:9      | Found a white marble altar of Elyvilon.
  4525 | D:9      | Reached *** piety under Makhleb
  4605 | D:9      | Found a sacrificial altar of Ru.
  4956 | D:8      | Killed Maurice
  4956 | D:8      | Reached XP level 11. HP: 104/105 MP: 11/11
  4997 | D:10     | Entered Level 10 of the Dungeon
  5078 | D:10     | Found Omname's Assorted Antiques.
  5149 | D:10     | Found Odik's Weapon Emporium.
  5447 | D:10     | Found a staircase to the Lair.
  5468 | D:10     | Lost mutation: You are partially covered in icy blue
                  | scales. (AC +2) [potion of mutation]
  5468 | D:10     | Lost mutation: Your spells are a little easier to cast, but
                  | a little less powerful. [potion of mutation]
  5468 | D:10     | Lost mutation: You are occasionally teleported next to
                  | monsters. [potion of mutation]
  5468 | D:10     | Gained mutation: You are somewhat resistant to further
                  | mutation. [potion of mutation]
  5468 | D:10     | Gained mutation: You have sharp toenails. [potion of
                  | mutation]
  5601 | D:10     | Found Fugeupni's Distillery.
  5602 | D:10     | Found Ofrez's Antique Weapon Boutique.
  5606 | D:10     | Bought a potion of degeneration for 12 gold pieces
  5709 | D:10     | Reached **** piety under Makhleb
  5967 | D:11     | Killed an unseen horror
  5967 | D:11     | Reached skill level 11 in Axes
  6295 | D:12     | Found a snail-covered altar of Cheibriados.
  6554 | D:12     | Reached ***** piety under Makhleb
  6567 | D:12     | Found a staircase to the Orcish Mines.
  6589 | D:12     | Noticed a two-headed ogre
  6604 | D:12     | Killed a two-headed ogre
  6719 | D:12     | Reached skill level 10 in Fighting
  6724 | D:12     | Paralysed by a hornet for 2 turns
  6984 | D:13     | Noticed a skeletal warrior
  6984 | D:13     | Noticed a skeletal warrior
  6984 | D:13     | Noticed a skeletal warrior
  6984 | D:13     | Noticed a skeletal warrior
  6984 | D:13     | Noticed a skeletal warrior
  7000 | D:13     | Killed a skeletal warrior
  7014 | D:13     | Killed a skeletal warrior
  7029 | D:13     | Killed a skeletal warrior
  7049 | D:13     | Killed a skeletal warrior
  7067 | D:13     | Killed a skeletal warrior
  7067 | D:13     | Reached XP level 12. HP: 76/117 MP: 12/12
  7170 | D:13     | Reached skill level 12 in Axes
  7207 | D:13     | Identified the cursed +1 leather armour "Gues" {rF+ MR-
                  | Int+2}
  7210 | D:13     | Noticed an ogre mage
  7211 | D:13     | Noticed a two-headed ogre
  7213 | D:13     | Noticed a two-headed ogre
  7222 | D:13     | Killed a two-headed ogre
  7223 | D:13     | Paralysed by an ogre mage for 7 turns
  7233 | D:13     | Killed an ogre mage
  7237 | D:13     | Killed a two-headed ogre
  7342 | D:13     | Noticed a rakshasa
  7361 | D:13     | Killed a rakshasa
  7415 | D:13     | Noticed a four-headed hydra
  7417 | D:13     | Found a gate to the Vaults.
  7427 | D:13     | Killed a two-headed hydra
  7710 | Lair:1   | Entered Level 1 of the Lair of Beasts
  8141 | Lair:1   | Found a one-way gate to the infinite horrors of the Abyss.
  8141 | Lair:1   | Noticed Xiguana's ghost (novice OgVM)
  8443 | Lair:1   | Noticed a rakshasa
  8450 | Lair:1   | Found a transporter.
  8452 | Lair:1   | Found a transporter.
  8832 | Lair:2   | Reached ****** piety under Makhleb
  9371 | Lair:3   | Reached skill level 13 in Axes
  9371 | Lair:3   | Reached skill level 10 in Armour
  9394 | Lair:3   | Reached skill level 10 in Shields
  9672 | Lair:3   | Reached XP level 13. HP: 124/127 MP: 14/14
 10104 | Lair:4   | Found a hole to the Spider Nest.
 10197 | Lair:4   | Found a staircase to the Swamp.
 10200 | Lair:4   | Reached skill level 10 in Invocations
 11122 | Lair:5   | Reached skill level 14 in Axes
 11694 | Lair:6   | Entered Level 6 of the Lair of Beasts
 11760 | Lair:6   | Found a staircase to the Slime Pits.
 12174 | D:14     | Found a shimmering altar of Xom.
 12212 | D:14     | Gained mutation: You resist negative energy. (rN+) [Deep
                  | Dwarf growth]
 12212 | D:14     | Reached XP level 14. HP: 139/139 MP: 14/14
 12432 | D:14     | Found a runed translucent door.
 12456 | D:14     | Noticed Arphuebamu's ghost (journeyman TrTm)
 12456 | D:14     | Identified the +8 spear "Gram" {vamp, rElec}
 12523 | D:14     | Found Jicoenki's Assorted Antiques.
 12806 | D:15     | Entered Level 15 of the Dungeon
 13124 | D:15     | Found a staircase to the Depths.
 13176 | D:15     | Reached skill level 15 in Axes
 13673 | D:10     | Bought a +0 broad axe for 64 gold pieces
 13728 | D:8      | Found Kahaimyf's Jewellery Emporium.
 13732 | D:8      | Bought an uncursed ring of poison resistance for 260 gold
                  | pieces
 13906 | Spider:1 | Entered Level 1 of the Spider Nest
 14130 | Spider:3 | Reached XP level 15. HP: 148/148 MP: 13/15
 14186 | Spider:4 | Entered Level 4 of the Spider Nest
 14465 | Spider:4 | Reached skill level 1 in Dodging
 14532 | Spider:4 | Killed a ghost moth
 14697 | Spider:4 | Killed a ghost moth
 14707 | Spider:4 | Reached skill level 16 in Axes
 15004 | Spider:4 | Quit the game

Levels and vault maps discovered:
D:1:      matt_arrival_grand_opening, layout_basic
D:2:      layout_loops_ring, chequers_ecumenical_altar_lobes
D:3:      layout_loops_cross, zin_angel, first_ration, uniq_grinder
D:4:      layout_basic, wad_floor_pattern_1, ebering_dispersal_statue_hall,
          uniq_duvessa, uniq_edmund, uniq_ijyb, uniq_robin
D:5:      layout_basic, ebering_ghost_gozag, uniq_pikel
D:6:      layout_basic, temple_green, nrook_mini_vaults, uniq_blork_the_orc
D:7:      layout_basic, uniq_joseph
D:8:      layout_gridville, kennysheep_mini, serial_shops, shop, uniq_maurice,
          uniq_prince_ribbit1, uniq_harold, uniq_erica
D:9:      layout_irregular_city, nicolae_ru_great_annihilating_truth,
          lemuel_doored_altar, chequers_temple_overflow_statue_of_worship
D:10:     layout_roguey, lair_entry_dummy, serial_shops,
          nicolae_shop_statue_plus, shop, shop, nicolae_shop_trees
D:11:     layout_roguey
D:12:     layout_roguey, hiddenorc2_lemuel, hangedman_pestilent_swarm,
          dk_noncrumbling_2, abandoned_shop, cheibriados_altar_1
D:13:     layout_rooms, david_vaults_2, kennysheep_generic_room_11
D:14:     layout_cave_pools, ebering_ghost_funeral_grove, serial_shops,
          nicolae_shop_trees, minmay_misc_feat_ornament, basic_altar,
          chequers_serial_rivers_micro_d
D:15:     grunt_enter_depths_hoard, layout_basic, fake_guardian_serpent_vault
Temple:   compressed_dpeg_circular_temple
Lair:1:   layout_layer_cave, gammafunk_ghost_abyssal_escape,
          infiniplex_staircase_pool
Lair:2:   layout_loops_ring
Lair:3:   layout_cave_pods, grunt_megastairs_4
Lair:4:   layout_cave_shapes, minmay_swamp_entry_swarm, spider_nest_entry_a,
          grunt_megastairs_5, lemuel_fruit_tree, serial_bayou_shore_b
Lair:5:   layout_long_grid, serial_forest, infiniplex_forest_lined_4_way,
          infiniplex_forest_zigzag_1, infiniplex_forest_lined_3_way,
          infiniplex_forest_straight_4, infiniplex_forest_lined_room_3,
          infiniplex_forest_end_3, infiniplex_forest_lined_room_2,
          infiniplex_forest_lined_corner, infiniplex_forest_lined_3
Lair:6:   guppyfry_lair_end_dragon, layout_misc_corridors, wormcave,
          slime_dummy, basic_altar, ebering_ghost_disaster_area, st_stairs_5,
          minmay_lair_oklob_chamber
Spider:1: layout_spider_delve
Spider:2: layout_spider_delve, hangedman_spider_trapstep
Spider:3: layout_spider_delve, nicolae_crawler_farm
Spider:4: grunt_spider_rune_parallel

Skill      XL: |  1  2  3  4  5  6  7  8  9 10 11 12 13 14 15 |
---------------+----------------------------------------------+-----
Fighting       | 3 4 5 6 8 9 10 11 12 13 14 | 14.0
Axes           | 3 4 5 6 7 9 10 11 13 14 15 16 | 16.1
Armour         | 4 5 6 7 8 9 10 11 12 | 12.2
Shields        | 4 5 6 7 8 9 10 11 12 | 12.2
Invocations    | 4 5 7 9 10 12 | 12.6
Dodging        | 2 |  2.4

Action                   |  1- 3 |  4- 6 |  7- 9 | 10-12 | 13-15 || total
-------------------------+-------+-------+-------+-------+-------++-------
Melee: War axe           |    64 |    77 |   300 |   741 |   573 ||  1755
       Kick              |       |       |       |   193 |   348 ||   541
       Scimitar          |       |       |       |     5 |    10 ||    15
       Broad axe         |       |       |       |       |   325 ||   325
Throw: Throwing net      |       |       |       |     1 |       ||     1
Invok: Lesser Servant of |       |       |       |       |     8 ||     8
       Greater Servant o |       |       |       |       |     6 ||     6
 Abil: Heal Wounds       |     1 |     6 |     7 |    21 |    39 ||    74
       Evoke Invisibilit |       |       |       |       |     1 ||     1
  Use: Scroll            |       |       |    16 |    10 |     2 ||    28
       Potion            |       |       |     5 |     1 |     4 ||    10
 Stab: Paralysed         |       |       |       |     1 |       ||     1
       Distracted        |       |       |       |       |     1 ||     1
       Invisible         |       |       |       |       |     8 ||     8
  Eat: Chunk             |       |       |     9 |    25 |    17 ||    51
       Ration            |       |       |       |       |     2 ||     2
Armor: Scale mail        |    37 |    32 |   155 |    63 |       ||   287
       Plate armour      |       |       |       |   355 |  1093 ||  1448
Dodge: Dodged            |    15 |    14 |   111 |   139 |   349 ||   628
Block: Kite shield       |    36 |    40 |   168 |   408 |   861 ||  1513
       Rpst.: Scimitar   |       |       |       |       |     4 ||     4

Table legend:
 A = Non-vault XP
 B = Vault XP
 C = Vault XP percentage of total XP
 D = Non-vault monster count
 E = Vault monster count
 F = Vault count percentage of total count
                 A         B        C        D         E       F
            +---------+---------+-------+---------+---------+-------
      Total |  102321 |   29230 |  22.2 |     525 |     126 |  19.4
            +---------+---------+-------+---------+---------+-------
        D:1 |      15 |       0 |   0.0 |       8 |       0 |   0.0
        D:2 |      15 |       0 |   0.0 |       9 |       0 |   0.0
        D:3 |     145 |     258 |  64.0 |      22 |       1 |   4.3
        D:4 |     484 |     466 |  49.1 |      11 |      12 |  52.2
        D:5 |     550 |     629 |  53.4 |      21 |       1 |   4.5
        D:6 |     442 |      96 |  17.8 |      17 |       1 |   5.6
        D:7 |    2166 |     502 |  18.8 |      49 |       1 |   2.0
        D:8 |    1492 |    2668 |  64.1 |       6 |       4 |  40.0
        D:9 |    1112 |      57 |   4.9 |      24 |       4 |  14.3
       D:10 |    1962 |       0 |   0.0 |      21 |       0 |   0.0
       D:11 |    2101 |       0 |   0.0 |      17 |       0 |   0.0
       D:12 |    2089 |    1190 |  36.3 |      24 |      36 |  60.0
       D:13 |    8497 |    3024 |  26.2 |      34 |       4 |  10.5
       D:14 |    9557 |       0 |   0.0 |      39 |       0 |   0.0
       D:15 |   15483 |    2406 |  13.4 |      35 |       3 |   7.9
     Lair:1 |     740 |       0 |   0.0 |       4 |       0 |   0.0
     Lair:2 |    3815 |       0 |   0.0 |      17 |       0 |   0.0
     Lair:3 |    4566 |     819 |  15.2 |      14 |       2 |  12.5
     Lair:4 |   12551 |     985 |   7.3 |      39 |       5 |  11.4
     Lair:5 |    3361 |       0 |   0.0 |       8 |       0 |   0.0
     Lair:6 |    6429 |    1119 |  14.8 |      25 |       4 |  13.8
   Spider:1 |    5281 |       0 |   0.0 |      15 |       0 |   0.0
   Spider:2 |    3008 |       0 |   0.0 |      12 |       0 |   0.0
   Spider:3 |    4140 |       0 |   0.0 |      13 |       0 |   0.0
   Spider:4 |   12320 |   15011 |  54.9 |      41 |      48 |  53.9
            +---------+---------+-------+---------+---------+-------
